 Dungeon Sprint DCSS version 0.30-a0-219-gf2db51d15e (webtiles) character file.

Game seed: 3987309957031343881

777 rocky1 the Basher (level 7, -9/66 HPs)
             Began as a Minotaur Gladiator on Oct 8, 2022.
             Mangled by Menkaure (16 damage)
             ... in the Dungeon (Sprint II: "The Violet Keep of Menkaure").
             The game lasted 00:00:35 (154 turns).

rocky1 the Basher (Minotaur Gladiator)               Turns: 154, Time: 00:00:36

Health: -9/66      AC:  3    Str: 25    XL:     7   Next: 54%
Magic:  6/6        EV: 15    Int:  4    God:
Gold:   243        SH:  0    Dex: 10    Spells: 6/6 levels left

rFire   . . .      SeeInvis .    a - +0 flail
rCold   . . .      Faith    .    (no shield)
rNeg    . . .      Spirit   .    b - +0 leather armour
rPois   .          Reflect  .    c - +0 hat
rElec   .          Harm     .    (no cloak)
rCorr   .          Rampage  .    (no gloves)
Will    .....      Rage     3%   (no boots)
Stlth   +......... NoTele   +    (no amulet)
HPRegen 0.31/turn                (no ring)
MPRegen 0.10/turn                (no ring)

@: no status effects
A: horns 2, retaliatory headbutt, berserk 1, strong 1
a: no special abilities


You were in the Dungeon.
You visited 1 branch You collected 243 gold pieces.

Inventory:

Hand Weapons
 a - a +0 flail (weapon)
Missiles
 d - 3 throwing nets (quivered)
 e - a javelin
Armour
 b - a +0 leather armour (worn)
 c - a +0 hat (worn)
Scrolls
 k - a scroll of blinking
Potions
 f - a potion of curing
 g - a potion of heal wounds
 h - a potion of haste
 i - 2 potions of magic


   Skills:
 + Level 7.6 Fighting
 + Level 13.0 Maces & Flails
 + Level 5.4 Throwing
 + Level 11.7 Dodging


You had 6 spell levels left.
You didn't know any spells.
Your spell library was empty.

Dungeon Overview and Level Annotations

Branches:
Dungeon (1/1)

Altars:

Annotations:
D Menkaure


Innate Abilities, Weirdness & Mutations

You have a pair of horns on your head.
You reflexively headbutt those who attack you in melee.
You sometimes lose your temper in combat.
Your muscles are strong. (Str +4, Int/Dex -1)


Message History

Unknown command.
You closely miss the necrophage.
The necrophage is moderately damaged.
The necrophage misses you.
You sock the necrophage!
The necrophage is heavily damaged.
The necrophage hits you.
You are too injured to fight recklessly!
You are too injured to fight recklessly!
You are too injured to fight recklessly!
You are too injured to fight recklessly!
You barely miss the necrophage. You headbutt the necrophage!
The necrophage is severely damaged.
Menkaure calls on the powers of darkness!
Your body is wracked with pain!
* * * LOW HITPOINT WARNING * * *
The necrophage closely misses you.
Unknown command.
You closely miss the necrophage.
The necrophage is severely damaged.
Menkaure calls on the powers of darkness!
Your body is wracked with pain!
* * * LOW HITPOINT WARNING * * *
The necrophage closely misses you. You furiously retaliate!
You headbutt the necrophage!
You destroy the necrophage!
You barely miss the necrophage. You sock the necrophage!
You headbutt the necrophage!
The necrophage is almost destroyed.
Menkaure calls on the powers of darkness!
Your body is wracked with pain!
* * * LOW HITPOINT WARNING * * *
The necrophage closely misses you.
You sock the necrophage!
You destroy the necrophage!
Your Maces & Flails skill increases to level 13!
You barely miss Menkaure.
Menkaure is moderately damaged.
Menkaure hits you!
You die...

# # ##. #+#
.##
#...##.##B..#
#M@<.+#
#...##.##B..#
##. ##'## .##
# #...# #
#.##..# ##
###


You could see Menkaure (fast).

Vanquished Creatures
  4 neqoxecs (D)
  4 necrophages (D)
8 creatures vanquished.

Notes
Turn   | Place    | Note
-------+----------+-------------------------------------------
     0 | D        | rocky1 the Minotaur Gladiator began the quest for the Orb.
     0 | D        | Reached XP level 1. HP: 18/18 MP: 0/0
     1 | D        | Noticed a boulder beetle
     1 | D        | Noticed a boulder beetle
     5 | D        | Noticed a neqoxec
     5 | D        | Noticed a neqoxec
     5 | D        | Noticed a neqoxec
     5 | D        | Noticed a neqoxec
     5 | D        | Gained mutation: You sometimes lose your temper in combat.
                  | [a neqoxec]
    11 | D        | Killed a neqoxec
    12 | D        | Reached skill level 8 in Maces & Flails
    12 | D        | Reached XP level 2. HP: 16/28 MP: 1/1
    12 | D        | Reached XP level 3. HP: 20/34 MP: 2/2
    12 | D        | Reached XP level 4. HP: 24/41 MP: 3/3
    14 | D        | Killed a neqoxec
    14 | D        | Gained mutation: Your muscles are strong. (Str +4, Int/Dex
                  | -1) [a neqoxec]
    15 | D        | Reached skill level 5 in Fighting
    15 | D        | Reached skill level 9 in Maces & Flails
    15 | D        | Reached XP level 5. HP: 29/49 MP: 4/4
    17 | D        | Killed a neqoxec
    18 | D        | Reached skill level 11 in Maces & Flails
    18 | D        | Reached skill level 10 in Dodging
    18 | D        | Reached XP level 6. HP: 36/58 MP: 5/5
    21 | D        | Killed a neqoxec
    22 | D        | Reached skill level 5 in Throwing
    22 | D        | Reached XP level 7. HP: 40/64 MP: 6/6
   134 | D        | Noticed Menkaure
   140 | D        | Reached skill level 12 in Maces & Flails
   154 | D        | Reached skill level 13 in Maces & Flails
   154 | D        | Mangled by Menkaure

Illustrated notes

Levels and vault maps discovered:
D:        the_violet_keep_of_menkaure [sprint2_stairs_cluster_1,
          sprint2_shoproom, sprint2_temple, sprint2_basic_supplies,
          sprint2_obstacle_7, sprint2_obstacle_6, sprint2_obstacle_2,
          sprint2_obstacle_5, sprint2_obstacle_4, sprint2_timed_cluster_1,
          sprint2_smallroom_cluster_1, sprint2_smallroom_final_cluster_1,
          sprint2_transparent_cluster_1, sprint2_second_timed_cluster_1,
          sprint2_sniper_area_1, sprint2_heavy_combat_area_1,
          sprint2_mutation_trap_area_1, sprint2_forest_area_1,
          sprint2_light_combat_area_1, sprint2_behind_water_1,
          sprint2_near_end_vault_1]

Skill      XL: |  1  2  3  4  5  6  7 |
---------------+----------------------+-----
Fighting       | 4 5 6 7 |  7.6
Maces & Flails | 8 9 11 13 | 13.0
Throwing       | 3 4 5 |  5.4
Dodging        | 7 9 10 11 | 11.7

Action                   |  1- 3 |  4- 6 |  7- 9 || total
-------------------------+-------+-------+-------++-------
Melee: Flail             |     5 |     9 |    19 ||    33
       Headbutt          |     1 |     5 |     5 ||    11
  Use: Potion            |     1 |       |       ||     1
Armor: Leather armour    |       |     1 |       ||     1
Dodge: Dodged            |     1 |     2 |    10 ||    13

Table legend: (Time is in decaauts)
 A = Elapsed time spent in this place.
 B = Non-inter-level travel time spent in this place.
 C = Inter-level travel time spent in this place.
 D = Time resting spent in this place.
 E = Time spent auto-exploring this place.
 F = Levels seen in this place.
 G = Mean time per level.
                   A        B        C        D        E       F      G
               +--------+--------+--------+--------+--------+-----+--------+
         Total |    161 |    161 |      0 |    121 |      0 |   1 |  161.0 |
       Dungeon |    161 |    161 |      0 |    121 |      0 |   1 |  161.0 |
               +--------+--------+--------+--------+--------+-----+--------+

Top non-repeatable levels by time:
       D: 161 daAuts
